 Dungeon Crawl Stone Soup version 0.24.1-14-gf8d2b509d9 (console) character file.

Game seed: 9519344701334113870, levelgen mode: deterministic

95 Kagalorn the Chopper (level 4, 0/52 HPs)
             Began as a Human Berserker on July 25, 2020.
             Was a Believer of Trog.
             Succumbed to a scorpion's poison
             ... on level 2 of the Dungeon.
             The game lasted 00:03:02 (1088 turns).

Kagalorn the Chopper (Human Berserker)              Turns: 1088, Time: 00:03:03

Health: 0/52       AC:  2    Str: 23    XL:     4   Next: 97%
Magic:  4/4        EV: 12    Int:  8    God:    Trog [**....]
Gold:   69         SH:  0    Dex: 12    Spells: 3/3 levels left

rFire    . . .     SeeInvis .   a - +0 hand axe
rCold    . . .     Gourm    .   (no shield)
rNeg     . . .     Faith    .   b - +0 animal skin
rPois    .         Spirit   .   (no helmet)
rElec    .         Reflect  .   (no cloak)
rCorr    .         Harm     .   (no gloves)
MR       .....                  (no boots)
Stlth    ..........             (no amulet)
HPRegen  0.17/turn              (no ring)
MPRegen  0.09/turn              (no ring)

@: berserking (expiring), lethally poisoned (0 -> -20), very quick
A: no striking features
a: Berserk, Trog's Hand, Renounce Religion


You were on level 2 of the Dungeon.
You worshipped Trog.
Trog was pleased with you.
You were very hungry.

You visited 1 branch of the dungeon, and saw 2 of its levels.

You collected 69 gold pieces.

Inventory:

Hand Weapons
 a - a +0 hand axe (weapon)
 k - a +0 spear
Missiles
 i - 44 stones (quivered)
Armour
 b - a +0 animal skin (worn)
Scrolls
 e - 3 scrolls of enchant armour {unknown}
 f - a scroll of remove curse {unknown}
 j - 2 scrolls of identify {unknown}
Potions
 d - a potion of flight {unknown}
 h - a potion of degeneration {unknown}
 l - a potion of haste {unknown}
 m - a potion of heal wounds {unknown}
Comestibles
 c - 4 rations
 g - 2 chunks of flesh


   Skills:
 - Level 3.0 Fighting
 + Level 5.2 Axes
 - Level 2.0 Armour
 - Level 2.0 Dodging


You had 3 spell levels left.
You didn't know any spells.
Your spell library was empty.

Dungeon Overview and Level Annotations

Branches:
Dungeon (2/15)

Altars:
Ashenzari


Message History

You hit the scorpion.
The scorpion is almost dead.
* * * LOW HITPOINT WARNING * * *
You feel sick.
You barely miss the scorpion.
The scorpion is almost dead.
* * * LOW HITPOINT WARNING * * *
You feel sick. The scorpion stings you!
* * * LOW HITPOINT WARNING * * *
You slash the scorpion!
You kill the scorpion!
Trog accepts your kill.
Your Axes skill increases to level 5!
* * * LOW HITPOINT WARNING * * *
You feel sick.
* * * LOW HITPOINT WARNING * * *
You feel sick.
You are too berserk!
You feel a strong urge to attack something.
You die...

#. #.##. #. .######
###.##.## ...?.... ? ....
#.#..# #.##.#..#######
#....>..†......
######.######## .. #@#
...######.# ...<......##
...........##
#.#####.....##############
#...................
#.....##############
##...## ##### ###


There were no monsters in sight!

Vanquished Creatures
  A scorpion (D:2)
  An adder (D:2)
  A leopard gecko (D:1)
  4 giant cockroaches
  9 goblins
  5 hobgoblins
  6 kobolds (D:1)
  A quokka (D:2)
  4 bats
  2 frilled lizards
  2 rats (D:1)
36 creatures vanquished.

Notes
Turn   | Place    | Note
-------+----------+-------------------------------------------
     0 | D:1      | Kagalorn the Human Berserker began the quest for the Orb.
     0 | D:1      | Reached XP level 1. HP: 18/18 MP: 1/1
    79 | D:1      | Reached XP level 2. HP: 23/24 MP: 2/2
   405 | D:1      | Reached skill level 4 in Axes
   405 | D:1      | Reached XP level 3. HP: 16/29 MP: 3/3
   557 | D:1      | Reached ** piety under Trog
   916 | D:2      | Found a shattered altar of Ashenzari.
  1023 | D:2      | Reached XP level 4. HP: 26/35 MP: 4/4
  1086 | D:2      | Reached skill level 5 in Axes
  1086 | D:2      | HP: 2/52 [poisoned by a scorpion]
  1088 | D:2      | Succumbed to a scorpion's poison

Levels and vault maps discovered:
D:1:      eino_arrival_water_cross, layout_basic, minmay_domino_2
D:2:      layout_loops_ring, st_stairs_1, evilmike_ruin_ashenzari

Skill      XL: |  1  2  3  4 |
---------------+-------------+-----
Axes           | 4 5 |  5.2
Fighting       | |  3.0
Armour         | |  2.0
Dodging        | |  2.0

Action                   |  1- 3 |  4- 6 || total
-------------------------+-------+-------++-------
Melee: Hand axe          |   120 |    11 ||   131
Invok: Berserk           |     1 |     1 ||     2
  Eat: Chunk             |     1 |       ||     1
Armor: Animal skin       |    14 |     4 ||    18
Dodge: Dodged            |    85 |     4 ||    89
